 Dungeon Crawl Stone Soup version 0.25.1-2-g60ff931 (webtiles) character file.

Game seed: 7153941701874471030

270 DasBelly the Skirmisher (level 6, -9/79 HPs)
             Began as a Centaur Monk on Aug 19, 2020.
             Mangled by an ogre
             ... wielding a +0 giant spiked club
              (19 damage)
             ... on level 3 of the Dungeon.
             The game lasted 00:05:40 (4075 turns).

DasBelly the Skirmisher (Centaur Monk)              Turns: 4075, Time: 00:05:40

Health: -9/79      AC: 23    Str: 14 (16) XL:     6   Next: 1%
Magic:  6/6        EV:  1    Int:  6 (9)  God:
Gold:   121        SH:  0    Dex: 10 (11) Spells: 5/5 levels left

rFire    . . .     SeeInvis .     - Unarmed
rCold    . . .     Gourm    .   (no shield)
rNeg     + + +     Faith    .   (armour currently unavailable)
rPois    +         Spirit   .   (helmet currently unavailable)
rElec    .         Reflect  .   (cloak currently unavailable)
rCorr    .         Harm     .   (gloves currently unavailable)
MR       .....     NoTele   +   (no barding)
Stlth    ++........             (no amulet)
HPRegen  0.23/turn              (no ring)
MPRegen  0.10/turn              (no ring)

@: tree-form
A: large
a: no special abilities


You were on level 3 of the Dungeon.
You were not hungry.
You were a tree.
You visited 1 branch of the dungeon, and saw 4 of its levels.

You collected 121 gold pieces.

Inventory:

Missiles
 j - 22 arrows
Armour
 a - a +0 robe
 n - a cursed +0 scale mail (melded)
Wands
 k - a wand of clouds (3)
Scrolls
 e - 5 scrolls of teleportation
 h - a scroll of remove curse {unknown}
 l - 4 scrolls of identify {unknown}
 m - a scroll of noise {unknown}
 o - a scroll of enchant armour {unknown}
Potions
 g - a potion of degeneration
Comestibles
 b - 7 rations


   Skills:
 + Level 4.3 Fighting
 + Level 2.1 Armour
 - Level 2.1 Dodging
 - Level 2.0 Stealth
 + Level 4.3 Unarmed Combat


You had 5 spell levels left.
You didn't know any spells.
Your spell library contained the following spells:

 Spells                   Type           Power        Failure   Level  Hunger
 Sublimation of Blood     Necr           #.........   58%         2    ###....
 Ignite Poison            Fire/Tmut/Pois #.......     83%         3    ####...
 Petrify                  Tmut/Erth      #.......     99%         4    #####..
 Alistair's Intoxication  Tmut/Pois      #.......     100%        5    ######.
 Irradiate                Conj/Tmut      #.........   100%        5    ######.
 Eringya's Noxious Bog    Tmut/Pois      #.........   100%        6    #######


Dungeon Overview and Level Annotations

Branches:
Dungeon (4/15)
 Temple: D:4-7

Altars:
Fedhas
The Shining One


Innate Abilities, Weirdness & Mutations

((You have hooves in place of feet.))
((Armour fits poorly on your strangely shaped body.))
((You cover ground very quickly.))
((You have extremely tough skin. (AC +3)))


Message History

The orc priest hits you but does no damage.
You completely miss the orc priest.
The orc priest is severely wounded.
The orc priest hits you but does no damage.
You smack the orc priest!
You kill the orc priest!
Your Armour skill increases to level 2!
You smack the adder!
You kill the adder!
You have reached level 6!
Your experience leads to an increase in your attributes!
Your base attributes are Str 15, Int 9, Dex 11.
Increase (S)trength, (I)ntelligence, or (D)exterity?
You feel stronger.
You smack the ogre!
The ogre is moderately wounded.
You smack the ogre!
The ogre is heavily wounded.
The ogre hits you with a +0 giant spiked club!!
You die...

#.#.##.#
#.#.##.#
#.#.##.#
#.#.##.#
#.#.##.#
#.#.##.#
###.#.##.#
#...#.##O#
#.###.##♣#
### ######
## ... ##.
..


You could see an ogre.

Vanquished Creatures
  A scorpion (D:3)
  An orc priest (D:3)
  Terence (D:3)
  Natasha (thrice) (D:3)
  3 adders
  2 worms (D:2)
  A dart slug (D:3)
  A leopard gecko (D:2)
  5 orcs (D:3)
  A giant cockroach (D:3)
  7 hobgoblins
  3 kobolds (D:1)
  2 quokkas (D:3)
  2 ball pythons (D:1)
  6 bats
  A frilled lizard (D:2)
  10 goblins
  4 rats
54 creatures vanquished.

Notes
Turn   | Place    | Note
-------+----------+-------------------------------------------
     0 | D:1      | DasBelly the Centaur Monk began the quest for the Orb.
     0 | D:1      | Reached XP level 1. HP: 19/19 MP: 1/1
   271 | D:1      | Reached XP level 2. HP: 25/26 MP: 2/2
   759 | D:3      | Noticed Natasha
   860 | D:1      | You fall into a shaft and drop 1 floor!
   888 | D:3      | Noticed Terence
  1251 | D:2      | Reached XP level 3. HP: 18/31 MP: 3/3
  1744 | D:2      | Reached skill level 1 in Armour
  1924 | D:2      | Found a blossoming altar of Fedhas.
  2867 | D:3      | Killed Terence
  2867 | D:3      | Reached XP level 4. HP: 39/39 MP: 4/4
  3145 | D:3      | Killed Natasha
  3145 | D:3      | Reached XP level 5. HP: 32/46 MP: 5/5
  3194 | D:3      | Noticed Natasha
  3210 | D:3      | Killed Natasha
  3319 | D:3      | Noticed Natasha
  3456 | D:3      | Killed Natasha
  3645 | D:3      | Found a glowing golden altar of the Shining One.
  4061 | D:4      | Noticed an ogre
  4061 | D:4      | Noticed an ogre
  4073 | D:3      | Reached XP level 6. HP: 9/53 MP: 6/6
  4075 | D:3      | Mangled by an ogre

Illustrated notes

Levels and vault maps discovered:
D:1:      dpeg_arrival_water_temple_mockup, layout_basic,
          minmay_misc_feat_square
D:2:      layout_loops_ring, fedhas_altar_4, first_ration
D:3:      layout_loops_ring, lemuel_crystal_altar, minitemple, uniq_natasha,
          uniq_terence
D:4:      layout_rooms, xom_redecorated

Skill      XL: |  1  2  3  4  5 |
---------------+----------------+-----
Armour         | 1 2 |  2.1
Stealth        | 2 |  2.0
Fighting       | 4 |  4.3
Unarmed Combat | 4 |  4.3
Dodging        | |  2.1

Action                   |  1- 3 |  4- 6 || total
-------------------------+-------+-------++-------
Melee: Unarmed           |   116 |    86 ||   202
       Kick              |    24 |    20 ||    44
       Punch             |     2 |     1 ||     3
Evoke: Wand              |     1 |     1 ||     2
  Use: Scroll            |       |     4 ||     4
       Potion            |       |     2 ||     2
 Stab: Sleeping          |     1 |       ||     1
  Eat: Chunk             |     4 |     4 ||     8
Armor: Robe              |    37 |       ||    37
       Scale mail        |       |    31 ||    31
       Skin              |       |     3 ||     3
Dodge: Dodged            |    52 |    29 ||    81
